 Dungeon Crawl Stone Soup version 0.21-a0-349-g0c35859 (webtiles) character file.

79 tidbits the Fighter (level 4, 15/45 HPs)
             Began as a Gnoll Wanderer on Oct 8, 2017.
             Quit the game on level 3 of the Dungeon.
             The game lasted 00:03:14 (508 turns).

tidbits the Fighter (Gnoll Wanderer)                 Turns: 508, Time: 00:03:15

Health: 15/45      AC:  2    Str: 12    XL:     4   Next: 37%
Magic:  5/5        EV: 12    Int: 17    God:
Gold:   107        SH:  0    Dex: 15    Spells: 5/5 levels left

rFire    . . .     SeeInvis .   a - +2 dagger
rCold    . . .     Gourm    .   (no shield)
rNeg     . . .     Faith    .   e - +0 robe
rPois    .         Spirit   .   (no helmet)
rElec    .         Reflect  .   (no cloak)
rCorr    .         Harm     .   (no gloves)
MR       .....                  (no boots)
Stlth    ++++......             (no amulet)
HPRegen  0.15/turn              (no ring)
MPRegen  0.09/turn              (no ring)

@: no status effects
A: distributed training, fangs 1, strong nose
a: no special abilities


You were on level 3 of the Dungeon.
You were not hungry.

You visited 1 branch of the dungeon, and saw 3 of its levels.

You collected 107 gold pieces.

Inventory:

Hand Weapons
 a - a +2 dagger (weapon)
 c - a +0 spear
Missiles
 h - 43 stones (quivered)
Armour
 e - a +0 robe (worn)
 m - a +0 ring mail
Scrolls
 b - a scroll of fear
 g - a scroll of noise {unknown}
 l - a scroll of teleportation {unknown}
 n - a scroll of recharging {unknown}
Potions
 d - a potion of flight {unknown}
 j - a potion of curing {unknown}
 k - a potion of heal wounds {unknown}
Comestibles
 f - a bread ration
 i - 2 fruits


   Skills:
 + Level 8.5 Fighting
 + Level 1.1 Short Blades
 + Level 2.7 Long Blades
 + Level 1.1 Axes
 + Level 1.1 Maces & Flails
 + Level 1.1 Polearms
 + Level 1.1 Staves
 + Level 1.1 Slings
 + Level 1.1 Bows
 + Level 1.1 Crossbows
 + Level 1.1 Throwing
 + Level 1.1 Armour
 + Level 1.1 Dodging
 + Level 7.8 Stealth
 + Level 2.7 Shields
 + Level 1.1 Unarmed Combat
 + Level 1.1 Spellcasting
 + Level 1.1 Conjurations
 + Level 1.1 Hexes
 + Level 1.1 Charms
 + Level 1.1 Summonings
 + Level 1.1 Necromancy
 + Level 1.1 Translocations
 + Level 1.1 Transmutations
 + Level 1.1 Fire Magic
 + Level 1.1 Ice Magic
 + Level 1.1 Air Magic
 + Level 1.1 Earth Magic
 + Level 1.1 Poison Magic
 + Level 1.1 Invocations
 + Level 1.1 Evocations


You had 5 spell levels left.
You didn't know any spells.

Dungeon Overview and Level Annotations

Branches:
Dungeon (3/15)

Altars:
Yredelemnul


Innate Abilities, Weirdness & Mutations

Your experience applies equally to all skills.
You have very sharp teeth.
Your uncanny sense of smell can sniff out nearby items.


Message History

You bite the giant cockroach, but do no damage.
The giant cockroach is almost dead.
The giant cockroach barely misses you.
You closely miss the giant cockroach.
The giant cockroach is almost dead.
The giant cockroach bites you but does no damage.
You hit the giant cockroach.
You kill the giant cockroach!
You hit the jackal.
The jackal is moderately wounded.
The jackal barely misses you.
The jackal bites you but does no damage.
You hit the jackal.
The jackal is almost dead.
The jackal bites you.
* * * LOW HITPOINT WARNING * * *
You hit the jackal.
You kill the jackal!
You hit the quokka.
The quokka is severely wounded.
The quokka closely misses you. The quokka bites you.
* * * LOW HITPOINT WARNING * * *
A jackal comes into view.
You barely miss the quokka.
The quokka is severely wounded.
The jackal moves out of view.
The quokka closely misses you.
You barely miss the quokka.
The quokka is severely wounded.
The quokka bites you.
* * * LOW HITPOINT WARNING * * *
You hit the quokka.
You kill the quokka!
The dart slug launches a dart at you. The slug dart hits you!
* * * LOW HITPOINT WARNING * * *
Things that are here:
a jackal corpse; a giant cockroach corpse The jackal barks!
You hit the dart slug.
The dart slug is moderately wounded.
The dart slug bites you.
* * * LOW HITPOINT WARNING * * *
You hit the dart slug.
The dart slug is almost dead.
The jackal closely misses you.
The dart slug bites you but does no damage.
The jackal bites you but does no damage.
You hit the jackal.
The jackal is lightly wounded.
The jackal closely misses you.
You hit the jackal.
The jackal is almost dead.
The jackal closely misses you.
You closely miss the jackal.
The jackal is almost dead.
The jackal bites you.
* * * LOW HITPOINT WARNING * * *
The jackal bites you.
* * * LOW HITPOINT WARNING * * *
You barely miss the jackal. You bite the jackal, but do no damage.
The jackal is almost dead.
The jackal closely misses you.
You closely miss the jackal.
The jackal is almost dead.
The jackal barely misses you. The jackal bites you.
* * * LOW HITPOINT WARNING * * *
You closely miss the jackal.
The jackal is almost dead.
The jackal bites you.
* * * LOW HITPOINT WARNING * * *
You hit the jackal.
You kill the jackal!
You hit the dart slug.
You kill the dart slug!
Things that are here:
a dart slug corpse; a jackal corpse; a giant cockroach corpse
Found a stone staircase leading down.
Found an escape hatch in the floor.
Found a stone staircase leading up.
Found 15 gold pieces and a hunting sling.
Found a fruit.
A rat comes into view.
You see here a fruit.
i - 2 fruits (gained 1)
Found a pink potion.
You see here 15 gold pieces.
You now have 72 gold pieces (gained 15).
You hit the rat.
You kill the rat!
You see here a rat corpse.
Found a bread ration.
Found 18 gold pieces.
Found a scroll labeled FOOKHL MUSA.
You now have 90 gold pieces (gained 18).
There are no items here.
d - a pink potion
There are no items here.
n - a scroll labeled FOOKHL MUSA
Found 17 gold pieces.
You now have 107 gold pieces (gained 17).
Are you sure you want to abandon this character and quit the game? (Confirm with "yes".)

#<................##....
#)#...#†#####.........#
#(#.#.#.# #.##..##..#..
#)#.#.#.# #...........#
#.....#.#####.##..###.#.#
###.#.....##......###.#
#...................#
#............>......#
##.###.#.##...@.....##
.......#.##..<......#
###...........###.#######
#.............# #.# ....
#....##...###.# #.###..##
#....##...###.###.#......
#.............†........#
##.#........)..........#
###.#.##..##.#.###...##.##


There were no monsters in sight!

Vanquished Creatures
  An orc wizard (D:3)
  An adder (D:2)
  A worm (D:2)
  2 dart slugs
  3 leopard geckos
  4 orcs (D:3)
  A giant cockroach (D:3)
  2 goblins (D:1)
  4 jackals (D:3)
  4 kobolds (D:1)
  2 quokkas
  A ball python (D:3)
  A bat (D:1)
  A frilled lizard (D:2)
  2 rats
30 creatures vanquished.

Notes
Turn   | Place    | Note
-------+----------+-------------------------------------------
     0 | D:1      | tidbits the Gnoll Wanderer began the quest for the Orb.
     0 | D:1      | tidbits set off with: a +2 dagger, a scroll of fear, a +0 spear, a potion of lignification, a +0 robe, a bread ration
     0 | D:1      | Reached XP level 1. HP: 26/26 MP: 1/1
    58 | D:1      | Reached XP level 2. HP: 4/33 MP: 2/2
   213 | D:2      | Found a basalt altar of Yredelemnul.
   284 | D:2      | Reached XP level 3. HP: 15/38 MP: 3/3
   342 | D:3      | Reached skill level 1 in Short Blades
   342 | D:3      | Reached skill level 1 in Axes
   342 | D:3      | Reached skill level 1 in Maces & Flails
   342 | D:3      | Reached skill level 1 in Polearms
   342 | D:3      | Reached skill level 1 in Staves
   342 | D:3      | Reached skill level 1 in Slings
   342 | D:3      | Reached skill level 1 in Bows
   342 | D:3      | Reached skill level 1 in Crossbows
   342 | D:3      | Reached skill level 1 in Throwing
   342 | D:3      | Reached skill level 1 in Armour
   342 | D:3      | Reached skill level 1 in Dodging
   342 | D:3      | Reached skill level 1 in Unarmed Combat
   342 | D:3      | Reached skill level 1 in Spellcasting
   342 | D:3      | Reached skill level 1 in Conjurations
   342 | D:3      | Reached skill level 1 in Hexes
   342 | D:3      | Reached skill level 1 in Charms
   342 | D:3      | Reached skill level 1 in Summonings
   342 | D:3      | Reached skill level 1 in Necromancy
   342 | D:3      | Reached skill level 1 in Translocations
   342 | D:3      | Reached skill level 1 in Transmutations
   342 | D:3      | Reached skill level 1 in Fire Magic
   342 | D:3      | Reached skill level 1 in Ice Magic
   342 | D:3      | Reached skill level 1 in Air Magic
   342 | D:3      | Reached skill level 1 in Earth Magic
   342 | D:3      | Reached skill level 1 in Poison Magic
   342 | D:3      | Reached skill level 1 in Invocations
   342 | D:3      | Reached skill level 1 in Evocations
   342 | D:3      | Reached XP level 4. HP: 33/45 MP: 3/5
   434 | D:3      | HP: 4/45 [jackal (2)]
   508 | D:3      | Quit the game

Vault maps used:
D:1:      dpeg_arrival_simpleton_a, minmay_close_crescents
D:2:      wad_crossroads, lemuel_crystal_altar, overflow_temple_1_default,
          yredelemnul_altar_generic
D:3:      first_bread

Skill      XL: |  1  2  3 |
---------------+----------+-----
Short Blades   | 1 |  1.1
Axes           | 1 |  1.1
Maces & Flails | 1 |  1.1
Polearms       | 1 |  1.1
Staves         | 1 |  1.1
Slings         | 1 |  1.1
Bows           | 1 |  1.1
Crossbows      | 1 |  1.1
Throwing       | 1 |  1.1
Armour         | 1 |  1.1
Dodging        | 1 |  1.1
Unarmed Combat | 1 |  1.1
Spellcasting   | 1 |  1.1
Conjurations   | 1 |  1.1
Hexes          | 1 |  1.1
Charms         | 1 |  1.1
Summonings     | 1 |  1.1
Necromancy     | 1 |  1.1
Translocations | 1 |  1.1
Transmutations | 1 |  1.1
Fire Magic     | 1 |  1.1
Ice Magic      | 1 |  1.1
Air Magic      | 1 |  1.1
Earth Magic    | 1 |  1.1
Poison Magic   | 1 |  1.1
Invocations    | 1 |  1.1
Evocations     | 1 |  1.1
Fighting       | |  8.5
Long Blades    | |  2.7
Stealth        | |  7.8
Shields        | |  2.7

Action                   |  1- 3 |  4- 6 || total
-------------------------+-------+-------++-------
Melee: Dagger            |    60 |    39 ||    99
       Bite              |     8 |     3 ||    11
       Unarmed           |     4 |     6 ||    10
  Use: Potion            |     2 |       ||     2
 Stab: Sleeping          |     7 |       ||     7
Armor: Robe              |     6 |     6 ||    12
       Skin              |     6 |     2 ||     8
Dodge: Dodged            |    31 |    23 ||    54

Table legend:
 A = Spawn XP
 B = Non-spawn XP
 C = Spawn XP percentage of total XP
 D = Spawn monster count
 E = Non-spawn monster count
 F = Spawn count percentage of total count
 G = Total turns spent on level
                    A         B        C        D         E        F      G
               +---------+---------+-------+---------+---------+-------+---------
         Total |       0 |     113 |   0.0 |       0 |      30 |   0.0 |   508
               +---------+---------+-------+---------+---------+-------+---------
           D:1 |       0 |      20 |   0.0 |       0 |      10 |   0.0 |   213
           D:2 |       0 |      27 |   0.0 |       0 |       6 |   0.0 |   117
           D:3 |       0 |      66 |   0.0 |       0 |      14 |   0.0 |   178
               +---------+---------+-------+---------+---------+-------+---------

Table legend:
 A = Turns spent in this place as a percentage of turns spent in the entire game.
 B = Non-inter-level travel turns spent in this place as a percentage of non-inter-level travel turns spent in the entire game.
 C = Inter-level travel turns spent in this place as a percentage of turns spent in this place.
 D = Turns resting spent in this place as a percentage of non-inter-level travel turns spent in this place.
 E = Turns spent auto-exploring this place as a percentage of non-inter-level travel turns spent in this place.
 F = Non-inter-level travel turns spent in this place divided by the number of levels of this place that you've seen.
                   A       B       C       D       E      F
               +-------+-------+-------+-------+-------+----------------------
         Total | 100.0 | 100.0 |   0.0 |   0.0 |   0.0 | 169.3
       Dungeon | 100.0 | 100.0 |   0.0 |   0.0 |   0.0 | 169.3
               +-------+-------+-------+-------+-------+----------------------

Table legend:
 A = Kills in this place as a percentage of kills in entire the game.
 B = Kills by you in this place as a percentage of kills by you in the entire game.
 C = Kills by friends in this place as a percentage of kills by friends in the entire game.
 D = Other kills in this place as a percentage of other kills in the entire game.
 E = Experience gained in this place as a percentage of experience gained in the entire game.
 F = Experience gained in this place divided by the number of levels of this place that you have seen.
                   A       B       C       D       E      F
               +-------+-------+-------+-------+-------+----------------------
         Total | 100.0 | 100.0 |   N/A |   N/A | 100.0 |  37.7
       Dungeon | 100.0 | 100.0 |   N/A |   N/A | 100.0 |  37.7
               +-------+-------+-------+-------+-------+----------------------

Vault maps used:
D:1:      dpeg_arrival_simpleton_a, minmay_close_crescents
D:2:      wad_crossroads, lemuel_crystal_altar, overflow_temple_1_default,
          yredelemnul_altar_generic
D:3:      first_bread
